 Dungeon Crawl Stone Soup version 0.18-a0-1805-g8ab820f (webtiles) character file.

230 st0uf the Skirmisher (level 5, -2/48 HPs)
             Began as a Minotaur Fighter on Apr 26, 2016.
             Was an Initiate of Qazlal.
             Killed from afar by Blork the orc (8 damage)
             ... with a magic dart
             ... on level 4 of the Dungeon.
             The game lasted 00:11:20 (2441 turns).

st0uf the Skirmisher (Minotaur Fighter)             Turns: 2441, Time: 00:11:21

Health: -2/48      AC: 10    Str: 20    XL:     5   Next: 72%
Magic:  4/4        EV:  8    Int:  5    God:    Qazlal [......]
Gold:   131        SH:  9    Dex: 11    Spells: 0 memorised, 4 levels left

rFire  . . .     SeeInvis .     a - +0 long sword
rCold  . . .     Gourm    .     b - +0 scale mail
rNeg   . . .     Faith    .     c - +0 shield
rPois  .         Spirit   .     (helmet restricted)
rElec  .         Dismiss  .     m - +0 cloak
rCorr  .         Reflect  .     (no gloves)
SustAt +         Harm     .     l - +1 pair of boots
MR     .....                    (no amulet)
Stlth  ..........               (no ring)
                                s - ring of sustain attributes

@: not resistant to hostile enchantments, extremely unstealthy
A: retaliatory headbutt, horns 2
a: Renounce Religion


You were on level 4 of the Dungeon.
You worshipped Qazlal.
Qazlal was noncommittal.
You were very hungry.

You visited 1 branch of the dungeon, and saw 4 of its levels.

You collected 131 gold pieces.

Inventory:

Hand Weapons
 a - a +0 long sword (weapon)
Armour
 b - a +0 scale mail (worn)
 c - a +0 shield (worn)
 l - a +1 pair of boots (worn)
 m - a +0 cloak (worn)
 B - a +0 large shield
Jewellery
 j - an uncursed ring of ice
 s - a ring of sustain attributes (left hand)
 u - an uncursed amulet of magic regeneration
 z - an uncursed ring of protection from magic {unknown}
Wands
 E - a wand of flame (26/48)
Scrolls
 i - 4 scrolls of remove curse {unknown}
 p - a scroll of enchant armour {unknown}
 q - a scroll of enchant weapon {unknown}
 r - a scroll of fear {unknown}
 t - 2 scrolls of identify {unknown}
 x - a scroll of fog {unknown}
 y - a scroll of random uselessness {unknown}
 D - a scroll of teleportation {unknown}
 G - a scroll of noise {unknown}
Potions
 d - a potion of might
 e - 2 potions of haste {unknown}
 h - a potion of heal wounds {unknown}
 k - 2 potions of agility {unknown}
 o - 2 potions of curing {unknown}
 v - a potion of berserk rage {unknown}
 w - 2 potions of brilliance {unknown}
 A - 2 potions of magic {unknown}
 C - a potion of degeneration {unknown}
Comestibles
 f - 2 bread rations
 g - a meat ration
 n - 3 fruits
 F - a royal jelly


   Skills:
 + Level 5.1 Fighting
 + Level 4.1 Long Blades
 + Level 4.3 Armour
 + Level 1.5 Dodging
 - Level 0.1 Stealth
 + Level 4.7 Shields
 * Level 0.8 Invocations


You had 4 spell levels left.
You didn't know any spells.

Dungeon Overview and Level Annotations

Branches:
Dungeon (4/15)             Temple (0/1) D:4

Altars:
Ashenzari
Dithmenos
Qazlal

Annotations:
D:4 Blork the orc


Innate Abilities, Weirdness & Mutations

You reflexively headbutt those who attack you in melee.
You have a pair of horns on your head.


Message History

The puff of frost hits you!
* * * LOW HITPOINT WARNING * * *
Blork the orc hits you from afar with a halberd.
* * * LOW HITPOINT WARNING * * *
Blork the orc looks braver for a moment.
Blork the orc hits you but does no damage.
You are too injured to fight recklessly!
You hit Blork the orc but do no damage. Your headbutt misses Blork the orc.
Blork the orc is severely wounded.
Blork the orc is no longer moving quickly.
You block Blork the orc's attack.
You hit Blork the orc but do no damage.
You headbutt Blork the orc, but do no damage.
Blork the orc is severely wounded.
You block Blork the orc's attack.
You hit Blork the orc.
Blork the orc is severely wounded.
Blork the orc points at you and mumbles some strange words.
The magic dart hits you!
You die...

#####.#..###.#..###.##.# >.#.
................# #.#..# ...
.........#####..# #.#.#####
######...# #..###.#.....#
.........# #......#....##
######...# #.######....########
#......#.# #...................
#......#.############....########
...............o@...(>...#
......##.###########.#.###
......##.#### ###'#.#######
............. #...........#
.####........ #...........# .#
#........ #...........# .#
#........ #..........[# .#
#........ #...........# ..
......... #...........#


You could see Blork the orc.

Vanquished Creatures
  A crimson imp (D:4)
  Crazy Yiuf (D:2)
  3 gnolls (D:2)
  4 adders
  2 oozes
  5 worms
  5 dart slugs
  2 giant geckos
  An orc (D:3)
  13 bats
  4 giant cockroaches
  6 hobgoblins
  3 jackals (D:2)
  7 kobolds
  A ball python (D:3)
  4 giant newts
  7 goblins
  6 rats
75 creatures vanquished.

Notes
Turn   | Place    | Note
--------------------------------------------------------------
     0 | D:1      | st0uf the Minotaur Fighter began the quest for the Orb.
     0 | D:1      | Reached XP level 1. HP: 19/19 MP: 0/0
    73 | D:1      | Reached skill level 4 in Fighting
    73 | D:1      | Reached XP level 2. HP: 23/27 MP: 1/1
   149 | D:1      | Found a shattered altar of Ashenzari.
   781 | D:1      | Reached XP level 3. HP: 34/34 MP: 2/2
   815 | D:2      | Found a shadowy altar of Dithmenos.
  1116 | D:2      | Reached skill level 1 in Dodging
  1118 | D:2      | Reached XP level 4. HP: 33/41 MP: 3/3
  1511 | D:2      | Noticed Crazy Yiuf
  1517 | D:2      | Killed Crazy Yiuf
  1517 | D:2      | Reached skill level 5 in Fighting
  1517 | D:2      | Reached XP level 5. HP: 48/48 MP: 4/4
  2124 | D:3      | Found a stormy altar of Qazlal.
  2130 | D:3      | Became a worshipper of Qazlal Stormbringer
  2250 | D:4      | Found a staircase to the Ecumenical Temple.
  2367 | D:4      | Noticed Blork the orc
  2441 | D:4      | Killed from afar by Blork the orc

Vault maps used:
D:1:      mrwooster_arrival_statue_3, nicolae_ashenzari_panopticon
D:2:      kennysheep_six_static_rooms, overflow_temple_1_default,
          uniq_crazy_yiuf_cottage
D:3:      nicolae_overflow_hidden_temple, marbit_many_paths
D:4:      minmay_temple_entry_from_below_a, st_stairs_5,
          kennysheep_generic_room_14, uniq_blork_the_orc, uniq_duvessa

Skill      XL: |  1  2  3  4  5 |
---------------+----------------+-----
Fighting       | 4 5 |  5.1
Armour         | 4 |  4.3
Long Blades    | 3 4 |  4.1
Dodging        | 1 |  1.5
Shields        | 4 |  4.7
Stealth        | |  0.1
Invocations    | |  0.8

Action                   |  1- 3 |  4- 6 || total
-------------------------+-------+-------++-------
Melee: Long sword        |    81 |    98 ||   179
       Headbutt          |    17 |    23 ||    40
  Eat: Chunk             |     1 |     3 ||     4
Armor: Scale mail        |    29 |    43 ||    72
Dodge: Dodged            |    25 |    30 ||    55
Block: Shield            |    33 |    54 ||    87
